[Event "Titled Tuesday Blitz November 08 Late 2022"]
[White "Clawitter, Craig"]
[Black "Chernomordik, Pavel"]
[WhiteFideId "2023105"]
[BlackFideId "2804530"]
[WhiteElo "2176"]
[BlackElo "2192"]
[Result "0-1"]
[Round "02"]
[TimeControl "180+1"]
[Date "2022.11.09"]
[WhiteClock "0:00:01"]
[BlackClock "0:01:07"]

1. e4 g6 2. d4 Bg7 3. Nc3 d6 4. Be3 a6 5. Qd2 b5 6. Bd3 Bb7 7. Nf3 Nd7 8. a4 b4 9. Ne2 c5 10. h3 Qc7 11. c3 bxc3 12. Nxc3 Ngf6 13. O-O O-O 14. Rac1 c4 15. Bb1 Qb6 16. Bh6 e5 17. Bxg7 Kxg7 18. dxe5 Nxe5 19. Nxe5 dxe5 20. Qg5 Rfe8 21. Rfd1 h6 22. Qd2 Rad8 23. Qe2 Rd4 24. Nd5 Nxd5 25. exd5 Bxd5 26. Rxd4 Qxd4 27. Rd1 Qc5 28. Be4 Be6 29. Rc1 Rb8 30. Bb1 Qd4 31. Qe3 Qxe3 32. fxe3 Rxb2 33. Be4 f5 34. Bc6 a5 35. Bb5 Bd5 36. Bxc4 Rxg2+ 37. Kf1 Rd2 38. Bxd5 Rxd5 39. Rc7+ Kf6 40. Rc6+ Kg5 41. h4+ Kh5 42. Ke2 e4 0-1


[Site "https://www.chess.com"]

[Event "Titled Tuesday Blitz November 08 Late 2022"]
[White "Curtis, John"]
[Black "Makaraci, Tunahan"]
[WhiteFideId "3200256"]
[BlackFideId "6356559"]
[WhiteElo "2203"]
[BlackElo "2161"]
[Result "0-1"]
[Round "02"]
[TimeControl "180+1"]
[Date "2022.11.09"]
[WhiteClock "0:00:06"]
[BlackClock "0:00:52"]

1. e4 Nf6 2. Nc3 e5 3. f4 d5 4. d3 Nc6 5. fxe5 Nxe5 6. d4 Ng6 7. e5 Ne4 8. Nxe4 dxe4 9. Bc4 Be7 10. Ne2 O-O 11. O-O c5 12. c3 cxd4 13. cxd4 Be6 14. Bxe6 fxe6 15. Rxf8+ Bxf8 16. Nc3 Bb4 17. Nxe4 Qd5 18. Nc3 Bxc3 19. bxc3 Nxe5 20. Qe2 Nc4 21. Bf4 Rf8 22. Bg3 b5 23. Re1 Rf6 24. Be5 Rg6 25. Bg3 h5 26. Rf1 b4 27. cxb4 Qxd4+ 28. Bf2 Qd5 29. Bxa7 Nd2 30. Rc1 Ne4 31. Bc5 h4 32. Rd1 Nc3 33. Rxd5 Nxe2+ 34. Kf2 exd5 35. Kxe2 Rxg2+ 36. Kd3 Rxa2 37. b5 Rxh2 38. Bd6 Rb2 39. b6 Rxb6 40. Be5 Re6 41. Kd4 Rxe5 42. Kxe5 h3 43. Kxd5 h2 44. Ke5 h1=Q 45. Kf5 Qd5+ 46. Kf4 Kf7 0-1


[Site "https://www.chess.com"]

[Event "Titled Tuesday Blitz November 08 Late 2022"]
[White "Da Matta, Eduardo Cesar"]
[Black "Mekhane, Adam"]
[WhiteFideId "2193108"]
[BlackFideId "36050601"]
[WhiteElo "1981"]
[BlackElo "2177"]
[Result "1/2-1/2"]
[Round "02"]
[TimeControl "180+1"]
[Date "2022.11.09"]
[WhiteClock "0:00:19"]
[BlackClock "0:00:08"]

1. d4 d5 2. c4 e6 3. Nc3 Nf6 4. cxd5 exd5 5. Bg5 c6 6. Qc2 Be7 7. e3 O-O 8. Bd3 h6 9. Bh4 c5 10. dxc5 Nc6 11. a3 d4 12. exd4 Nxd4 13. Qd1 Bxc5 14. Nge2 Nf5 15. Bxf6 Qxf6 16. Ne4 Qb6 17. Nxc5 Qxc5 18. O-O Be6 19. Rc1 Qb6 20. b4 Rfd8 21. Qc2 Rac8 22. Qb1 Nd4 23. Nxd4 Qxd4 24. Rxc8 Rxc8 25. Rd1 Qc3 26. Bh7+ Kh8 27. Bf5 Qxa3 28. Bxe6 fxe6 29. Qg6 Qb2 30. Qxe6 Rf8 31. Qe3 a6 32. Qc5 Re8 33. h3 Qe2 34. Rd7 Qe1+ 35. Kh2 b6 36. Qxb6 Rf8 37. Qe3 Qxe3 38. fxe3 Rb8 39. Rd4 Kg8 40. Kg3 Kf7 41. Kf4 Ke6 42. Ke4 Rb5 43. Kd3 h5 44. g4 hxg4 45. hxg4 Rb6 46. Kc4 Rc6+ 47. Kb3 Rc1 48. Rc4 Re1 49. Re4+ Kd6 50. Ka4 Ra1+ 51. Kb3 Rg1 52. Kc4 Rc1+ 53. Kb3 Rb1+ 54. Ka4 Ra1+ 55. Kb3 Rb1+ 56. Kc4 Rc1+ 57. Kb3 Rb1+ 1/2-1/2


[Site "https://www.chess.com"]

[Event "Titled Tuesday Blitz November 08 Late 2022"]
[White "Dahlgren, James Allen"]
[Black "Ventura Bolet, Maxim"]
[WhiteFideId "22256873"]
[BlackFideId "22238824"]
[WhiteElo "2198"]
[BlackElo "2186"]
[Result "0-1"]
[Round "02"]
[TimeControl "180+1"]
[Date "2022.11.09"]
[WhiteClock "0:00:10"]
[BlackClock "0:00:48"]

1. e4 c5 2. b3 d6 3. Bb2 e5 4. Bc4 Nc6 5. Ne2 g6 6. f4 Bg7 7. O-O Nf6 8. d3 O-O 9. Nbc3 Bg4 10. h3 Bxe2 11. Nxe2 Nd4 12. f5 b5 13. Bxd4 bxc4 14. Be3 cxd3 15. Qxd3 d5 16. Rad1 dxe4 17. Qxd8 Rfxd8 18. Bxc5 Rxd1 19. Rxd1 gxf5 20. Ng3 f4 21. Nf5 e3 22. Kf1 Ne4 23. Bd6 e2+ 24. Kxe2 Nc3+ 25. Ke1 Nxd1 26. Kxd1 Rd8 27. Ke2 Bf8 28. Bc7 Rc8 29. Bxe5 Re8 0-1


[Site "https://www.chess.com"]

[Event "Titled Tuesday Blitz November 08 Late 2022"]
[White "Darini, Pouria"]
[Black "Burke, Paul"]
[WhiteFideId "12502200"]
[BlackFideId "2605767"]
[WhiteElo "2483"]
[BlackElo "1812"]
[Result "1-0"]
[Round "02"]
[TimeControl "180+1"]
[Date "2022.11.09"]
[WhiteClock "0:01:54"]
[BlackClock "0:00:27"]

1. e4 e5 2. Nf3 Nc6 3. Bb5 f5 4. d3 Nf6 5. exf5 Be7 6. O-O O-O 7. Bxc6 dxc6 8. Nxe5 Bxf5 9. Nc3 Bd6 10. Bf4 Qe8 11. Re1 Bxe5 12. Bxe5 Qg6 13. Bxc7 Bg4 14. Qd2 Bh3 15. Bg3 Bd7 16. Re5 h6 17. Rae1 Rfe8 18. Rxe8+ Rxe8 19. Rxe8+ Qxe8 20. Qe3 Qf7 21. f3 Be6 22. Qxa7 Nh5 23. a4 Qg6 24. Kf2 Nxg3 25. hxg3 Qg5 26. Qe3 Qf6 27. a5 Qf7 28. Ne4 Bd5 29. Nc5 Kh7 30. c4 Bxc4 31. dxc4 Qxc4 32. Qe4+ 1-0


[Site "https://www.chess.com"]

[Event "Titled Tuesday Blitz November 08 Late 2022"]
[White "De Souza, Cristiano Gomes"]
[Black "He, Samuel"]
[WhiteFideId "2151758"]
[BlackFideId "2087235"]
[WhiteElo "2068"]
[BlackElo "2617"]
[Result "1-0"]
[Round "02"]
[TimeControl "180+1"]
[Date "2022.11.09"]
[WhiteClock "0:00:52"]
[BlackClock "0:00:09"]

1. d4 b6 2. c4 Bb7 3. Nc3 g6 4. Nf3 Bg7 5. e4 e6 6. Be2 d6 7. Be3 h6 8. h3 Nd7 9. Rc1 Ne7 10. O-O O-O 11. Qd2 Kh7 12. Ne1 f5 13. f3 e5 14. d5 f4 15. Bf2 g5 16. Nd3 Nf6 17. b4 h5 18. c5 Ng6 19. Nb5 a6 20. cxd6 axb5 21. dxc7 Qe7 22. Bxb6 g4 23. Bc5 Qf7 24. Bxf8 Bxf8 25. hxg4 hxg4 26. Rfd1 Nh4 27. Nxe5 Qg7 28. Qxf4 Bd6 29. fxg4 Ng6 30. Qf5 Bxe5 31. g5 Nd7 32. Bh5 Rf8 33. Bxg6+ Qxg6 34. Qxd7+ Rf7 35. Qe6 Qxg5 36. Rf1 Bd4+ 37. Kh1 Rg7 38. Qh3+ Kg8 39. c8=Q+ Bxc8 40. Rxc8+ 1-0


[Site "https://www.chess.com"]

[Event "Titled Tuesday Blitz November 08 Late 2022"]
[White "Derige Kane, Yan"]
[Black "Kopacz, Grzegorz"]
[WhiteFideId "20665431"]
[BlackFideId "1109880"]
[WhiteElo "2148"]
[BlackElo "2037"]
[Result "1-0"]
[Round "02"]
[TimeControl "180+1"]
[Date "2022.11.09"]
[WhiteClock "0:00:07"]
[BlackClock "0:00:02"]

1. e4 c5 2. Nf3 Nc6 3. Bb5 g6 4. Bxc6 bxc6 5. d3 Bg7 6. O-O e5 7. Be3 d6 8. Nbd2 Ne7 9. Nc4 O-O 10. h3 f5 11. Bg5 h6 12. Bd2 Be6 13. Ba5 Qd7 14. b3 f4 15. Nh2 g5 16. c3 Ng6 17. d4 cxd4 18. cxd4 exd4 19. f3 c5 20. Re1 Ne5 21. Nxe5 Bxe5 22. Ng4 h5 23. Nxe5 dxe5 24. Rc1 Rac8 25. Qd3 c4 26. bxc4 Qa4 27. Qd2 Bxc4 28. Bb4 Rf7 29. a3 a5 30. Bxa5 Qxa3 31. Bb4 Qb3 32. Bd6 Re8 33. Qa5 d3 34. Red1 Rd7 35. Qc5 Bf7 36. Bxe5 Red8 37. Rb1 Qc2 38. Bc3 Qa2 39. Qxg5+ Kf8 40. Bf6 Qa7+ 41. Kh2 Be6 42. Bxd8 Qf2 43. Bb6 Rg7 44. Qxg7+ Kxg7 45. Bxf2 1-0


[Site "https://www.chess.com"]

[Event "Titled Tuesday Blitz November 08 Late 2022"]
[White "Desideri, Ricardo Maruchi"]
[Black "Oye-Stromberg, Alexander"]
[WhiteFideId "2110440"]
[BlackFideId "1525999"]
[WhiteElo "1945"]
[BlackElo "2133"]
[Result "0-1"]
[Round "02"]
[TimeControl "180+1"]
[Date "2022.11.09"]
[WhiteClock "0:00:09"]
[BlackClock "0:00:19"]

1. e4 e5 2. f4 exf4 3. Bc4 Qh4+ 4. Kf1 Nf6 5. Nf3 Qh6 6. Nc3 Nh5 7. d4 Ng3+ 8. hxg3 Qxh1+ 9. Ng1 c6 10. Bxf4 Be7 11. Qf3 O-O 12. Kf2 d5 13. exd5 Bf6 14. Nce2 cxd5 15. Bxd5 Nc6 16. c3 Be6 17. Be4 Bc4 18. Re1 Rae8 19. Nh3 Qh2 20. g4 Bh4+ 21. Ng3 Re7 22. Bxh7+ Kxh7 23. Rxe7 Nxe7 24. Qe4+ Ng6 25. Kf3 Kg8 26. Bc7 Rc8 27. Bd6 Rd8 28. Bc7 Bd5 29. Bxd8 Bxe4+ 30. Nxe4 Qh1 0-1


[Site "https://www.chess.com"]

[Event "Titled Tuesday Blitz November 08 Late 2022"]
[White "Dilanyan, Grigor"]
[Black "Hauge, Lars Oskar"]
[WhiteFideId "13303570"]
[BlackFideId "1509276"]
[WhiteElo "2229"]
[BlackElo "2431"]
[Result "0-1"]
[Round "02"]
[TimeControl "180+1"]
[Date "2022.11.08"]
[WhiteClock "0:00:02"]
[BlackClock "0:00:22"]

1. e4 c5 2. Nf3 Nc6 3. Bb5 e6 4. O-O Nge7 5. Re1 a6 6. Bf1 d5 7. exd5 Nxd5 8. d4 cxd4 9. Nxd4 Be7 10. Nxc6 bxc6 11. c4 Nb4 12. a3 Qxd1 13. Rxd1 Nc2 14. Ra2 e5 15. b4 Nd4 16. Be3 c5 17. Nc3 Be6 18. Nd5 Bxd5 19. cxd5 a5 20. b5 a4 21. Rb2 Kd7 22. Bc4 Bd6 23. h3 Rhb8 24. Rdb1 f5 25. b6 e4 26. b7 Ra7 27. Bb5+ Ke7 28. Bc6 Nb3 29. Bxa4 Rxa4 30. Rxb3 c4 31. Rc3 Kd7 32. Rb6 Ra7 33. Rxd6+ Kxd6 34. Bf4+ Kxd5 35. Bxb8 Rxb7 36. Bf4 Kd4 37. Rc1 c3 38. Be3+ Kd3 39. g4 g6 40. a4 Rb4 41. a5 Ra4 42. Bb6 c2 43. Kg2 f4 44. Bc7 g5 45. h4 h6 46. hxg5 hxg5 47. Bd8 Kd2 48. Rh1 c1=Q 49. Rxc1 Kxc1 50. Bxg5 Rxa5 51. Bxf4+ Kc2 52. Be3 Kd3 53. Kg3 Kc4 54. Kf4 Kd5 55. Kf5 Ra8 56. g5 Rf8+ 57. Kg6 Ke6 58. Kg7 Rf7+ 59. Kh6 Kf5 60. g6 Rf6 61. Kh5 Rxg6 62. Kh4 Rg8 63. Kh3 Ke5 64. Kh2 Kd5 65. Kh3 Kc4 66. Kh4 Kd3 67. Bg5 Ke2 68. Be3 Kf3 69. Bd4 Rg2 70. Kh3 Rxf2 71. Bxf2 Kxf2 0-1


[Site "https://www.chess.com"]

[Event "Titled Tuesday Blitz November 08 Late 2022"]
[White "Dubov, Daniil"]
[Black "Ashiku, Franc"]
[WhiteFideId "24126055"]
[BlackFideId "4700066"]
[WhiteElo "2791"]
[BlackElo "2306"]
[Result "1-0"]
[Round "02"]
[TimeControl "180+1"]
[Date "2022.11.08"]
[WhiteClock "0:01:51"]
[BlackClock "0:00:06"]

1. e4 c5 2. Nf3 Nc6 3. Nc3 a6 4. d4 cxd4 5. Nxd4 e5 6. Nxc6 dxc6 7. Qxd8+ Kxd8 8. Bc4 Be6 9. Bxe6 fxe6 10. Ke2 Bd6 11. Nd1 Nf6 12. f3 b5 13. b3 Ke7 14. Bb2 a5 15. a4 Nd7 16. Nf2 Nb6 17. Nd3 bxa4 18. Nxe5 axb3 19. cxb3 Rhc8 20. Rhc1 c5 21. Nc4 Nxc4 22. Rxc4 e5 23. Bc3 Rcb8 24. Ra3 Rb5 25. Kd3 Bc7 26. Rca4 Kd6 27. Kc4 Kc6 28. Ra1 Rab8 29. R4a3 Rd8 30. Bxa5 Rd4+ 31. Kc3 Bb8 32. Kc2 c4 33. Bc3 cxb3+ 34. Rxb3 Rxb3 35. Kxb3 Rd7 36. Kc4 Bc7 37. Ra6+ Kb7 38. Re6 Kc8 39. Re8+ Rd8 40. Rxd8+ 1-0


[Site "https://www.chess.com"]

[Event "Titled Tuesday Blitz November 08 Late 2022"]
[White "Dudzinski, Pawel"]
[Black "czernikowskqa"]
[WhiteFideId "1117890"]
[WhiteElo "2086"]
[BlackElo "1959"]
[Result "1-0"]
[Round "02"]
[TimeControl "180+1"]
[Date "2022.11.09"]
[WhiteClock "0:01:44"]
[BlackClock "0:00:57"]

1. e4 e6 2. c4 c5 3. Nc3 Nc6 4. g3 g6 5. Bg2 Bg7 6. Rb1 Nge7 7. Nge2 O-O 8. O-O d6 9. a3 a5 10. Nb5 Na7 11. Nxa7 Rxa7 12. d4 cxd4 13. Nxd4 Bd7 14. Be3 Ra8 15. Qd2 Qc7 16. Rbc1 e5 17. Nb5 Bxb5 18. cxb5 Qd7 19. b6 Rac8 20. Qxa5 Nc6 21. Qd5 Kh8 22. Rfd1 Rfd8 23. Bg5 f6 24. Be3 Bf8 25. h4 h6 26. Kh2 f5 27. Bh3 Ne7 28. Qf7 Rxc1 29. Rxc1 Bg7 30. Rc7 1-0


[Site "https://www.chess.com"]

[Event "Titled Tuesday Blitz November 08 Late 2022"]
[White "Fajdetic, Hrvoje"]
[Black "Winterberg, Lukas"]
[WhiteFideId "14501945"]
[BlackFideId "24622702"]
[WhiteElo "2172"]
[BlackElo "2349"]
[Result "0-1"]
[Round "02"]
[TimeControl "180+1"]
[Date "2022.11.09"]
[WhiteClock "0:00:04"]
[BlackClock "0:00:06"]

1. d4 Nf6 2. Bf4 d5 3. e3 c5 4. Nc3 cxd4 5. exd4 a6 6. Bd3 Nc6 7. Nce2 Bg4 8. f3 Bh5 9. c3 Bg6 10. Nh3 e6 11. O-O Be7 12. Bxg6 hxg6 13. Nf2 Bd6 14. Qd2 Nh5 15. Bxd6 Qxd6 16. Ng4 f5 17. Ne5 Nxe5 18. dxe5 Qxe5 19. Rfe1 O-O-O 20. f4 Qd6 21. g3 Nf6 22. Nd4 Ne4 23. Qc2 g5 24. Rxe4 dxe4 25. fxg5 g6 26. Qb3 e5 27. Qe6+ Qxe6 28. Nxe6 Rd2 29. h4 Re8 30. Nc5 Red8 31. b3 Rc2 32. g4 fxg4 33. Nxe4 Rdd2 34. h5 Rg2+ 35. Kf1 Rh2 36. Kg1 Rxh5 37. Rf1 Rhh2 38. Rf7 Rcg2+ 39. Kf1 Rxa2 40. Kg1 Rag2+ 41. Kf1 Rb2 42. Kg1 Rhe2 43. Nd6+ Kb8 44. Kf1 Red2 45. Rf8+ Ka7 46. Nc8+ Kb8 47. Ke1 Re2+ 48. Kd1 Kc7 49. Ne7 Rh2 50. Kc1 Ra2 51. Kb1 Raf2 52. Nd5+ Kd6 53. Rxf2 Rxf2 54. Nf6 g3 55. Ne4+ Ke6 56. Nxg3 Rg2 57. Ne4 Kf5 58. Nd6+ Kxg5 59. Nxb7 Kf4 60. Nc5 Re2 61. Kc1 g5 62. Kd1 Rh2 63. Ke1 g4 64. Kf1 Ra2 65. c4 g3 66. Nd3+ Ke3 67. Nxe5 g2+ 68. Kg1 Rb2 69. c5 Rxb3 70. Kxg2 Rc3 71. c6 a5 72. Kf1 a4 73. Ng4+ Kd4 74. Ke1 a3 75. Kd2 a2 76. Ne3 Rxe3 77. c7 Re8 78. c8=Q Rxc8 79. Ke2 a1=Q 80. Kf2 Qb2+ 0-1


[Site "https://www.chess.com"]

[Event "Titled Tuesday Blitz November 08 Late 2022"]
[White "Fernandez De La Vara, Arnaldo"]
[Black "Wartiovaara, Oliver"]
[WhiteFideId "3518388"]
[BlackFideId "513024"]
[WhiteElo "2387"]
[BlackElo "2213"]
[Result "1-0"]
[Round "02"]
[TimeControl "180+1"]
[Date "2022.11.09"]
[WhiteClock "0:00:03"]
[BlackClock "0:00:01"]

1. Nf3 Nf6 2. b3 g6 3. Bb2 Bg7 4. g3 O-O 5. Bg2 d5 6. c4 c6 7. O-O a5 8. Nc3 Na6 9. d4 Bf5 10. Nh4 Be6 11. cxd5 Nxd5 12. e4 Nxc3 13. Bxc3 c5 14. Nf3 Bg4 15. e5 Rc8 16. h3 Be6 17. Ng5 Bd5 18. dxc5 Rxc5 19. Bd4 Bxg2 20. Kxg2 Rd5 21. Nf3 f6 22. e6 Qd6 23. Qe2 Rxd4 24. Nxd4 Qxd4 25. Rad1 Qc5 26. Rd7 Nb4 27. Rfd1 b5 28. a3 Nc6 29. R1d5 Qb6 30. Qxb5 Qxb5 31. Rxb5 f5 32. Rc5 Nd4 33. Rxe7 Bf6 34. Rd7 Nxb3 35. Rcc7 Re8 36. Rxh7 Rxe6 37. Rhd7 Re8 38. Ra7 Nc5 39. Rdc7 Ne6 40. Rc6 Bd4 41. Rxa5 Kf7 42. Raa6 Ng5 43. Rxg6 Ne4 44. Rgc6 Bxf2 45. Rc7+ Kf8 46. Rh6 Bd4 47. Rhh7 Nd6 48. Rcd7 Re2+ 49. Kf1 Re6 50. Rd8+ Ne8 51. Rxd4 1-0


[Site "https://www.chess.com"]

[Event "Titled Tuesday Blitz November 08 Late 2022"]
[White "Fernandez Hernandez, Gerardo"]
[Black "Jean Louis, Marckens"]
[WhiteFideId "2207400"]
[BlackFideId "11900270"]
[WhiteElo "2234"]
[BlackElo "2030"]
[Result "0-1"]
[Round "02"]
[TimeControl "180+1"]
[Date "2022.11.09"]
[WhiteClock "0:01:10"]
[BlackClock "0:01:59"]

1. e4 c6 2. d4 d5 3. exd5 cxd5 4. c4 e6 5. Nc3 Nf6 6. c5 Be7 7. Nf3 O-O 8. Bf4 Nc6 9. Bb5 Bd7 10. O-O a6 11. Bxc6 Bxc6 12. b4 Be8 13. a4 Ne4 14. Qc2 f5 15. Ne5 Rc8 16. Rfb1 Bf6 17. b5 axb5 18. axb5 g5 19. Bd2 Nxc5 20. dxc5 Bxe5 21. Ra7 Rxc5 22. Rxb7 d4 23. Qb3 dxc3 24. Qxe6+ Bf7 25. Rxf7 Rxf7 26. Be3 c2 27. Rc1 Qd1+ 0-1


[Site "https://www.chess.com"]

[Event "Titled Tuesday Blitz November 08 Late 2022"]
[White "Fernandez Siles, Luis"]
[Black "Melikyan, Gnel"]
[WhiteFideId "2209420"]
[BlackFideId "54109990"]
[WhiteElo "2186"]
[BlackElo "2138"]
[Result "1-0"]
[Round "02"]
[TimeControl "180+1"]
[Date "2022.11.09"]
[WhiteClock "0:01:44"]
[BlackClock "0:00:49"]

1. e4 g6 2. Nc3 Bg7 3. f4 c5 4. Nf3 Nc6 5. Bb5 a6 6. Bxc6 dxc6 7. d3 Nf6 8. O-O O-O 9. Qe1 Re8 10. Qh4 b6 11. f5 gxf5 12. Bh6 Bxh6 13. Qxh6 e6 14. Ng5 Rf8 15. Rf3 e5 16. Nxh7 Ng4 17. Rg3 f4 18. Rxg4+ Bxg4 19. Nf6+ 1-0


[Site "https://www.chess.com"]

[Event "Titled Tuesday Blitz November 08 Late 2022"]
[White "Fier, Alexandr"]
[Black "Mortazavi, Ali"]
[WhiteFideId "2107139"]
[BlackFideId "401323"]
[WhiteElo "2786"]
[BlackElo "2543"]
[Result "1-0"]
[Round "02"]
[TimeControl "180+1"]
[Date "2022.11.09"]
[WhiteClock "0:01:35"]
[BlackClock "0:00:07"]

1. c4 Nf6 2. Nc3 g6 3. g3 Bg7 4. Bg2 O-O 5. d3 d6 6. e4 c5 7. Nge2 Nc6 8. O-O Ne8 9. a3 Nc7 10. Rb1 a5 11. Be3 Bg4 12. Qd2 Bxe2 13. Nxe2 b5 14. Nc3 b4 15. Nd5 e6 16. Nxc7 Qxc7 17. a4 b3 18. f4 Bd4 19. f5 Kh8 20. f6 Rg8 21. Kh1 Bxe3 22. Qxe3 g5 23. e5 dxe5 24. Be4 Rad8 25. Qf3 g4 26. Qe3 Rd4 27. Qh6 Rxe4 28. dxe4 Nd4 29. Rbe1 Qc6 30. Re3 Qxa4 31. Qh5 Qd7 32. Qxe5 Qc6 33. Kg2 a4 34. h3 gxh3+ 35. Kxh3 a3 36. bxa3 b2 37. Rh1 Qa4 38. g4 b1=Q 39. Rxb1 Qc2 40. Rb8 1-0


[Site "https://www.chess.com"]

[Event "Titled Tuesday Blitz November 08 Late 2022"]
[White "Firouzja, Alireza"]
[Black "Sargsyan, Anna M."]
[WhiteFideId "12573981"]
[BlackFideId "13308130"]
[WhiteElo "2903"]
[BlackElo "2284"]
[Result "1-0"]
[Round "02"]
[TimeControl "180+1"]
[Date "2022.11.08"]
[WhiteClock "0:00:22"]
[BlackClock "0:00:07"]

1. d4 Nf6 2. Bg5 d5 3. e3 Bf5 4. c4 Ne4 5. Bh4 c6 6. Nc3 Qa5 7. Qb3 Nd7 8. cxd5 Nxc3 9. bxc3 cxd5 10. Nf3 a6 11. Be2 e6 12. O-O Qc7 13. Rfc1 Bd6 14. c4 dxc4 15. Bxc4 Qb6 16. Qa4 Be4 17. Ng5 Bc6 18. Qc2 Nf6 19. Bd3 h6 20. Ne4 Nxe4 21. Bxe4 Bxe4 22. Qxe4 O-O 23. Rcb1 Qa5 24. Qxb7 Rab8 25. Qe4 Rxb1+ 26. Qxb1 Rb8 27. Qc2 Ba3 28. h3 Rb2 29. Qd3 Bf8 30. a4 Rb4 31. Qc2 Qb6 32. Bg3 Rb2 33. Qd3 a5 34. d5 Rb3 35. Qd1 exd5 36. Qxd5 Qb4 37. Be5 Rb1+ 38. Rxb1 Qxb1+ 39. Kh2 Qb4 40. Qc6 f6 41. Bd4 Kh7 42. g3 Kg8 43. Kg2 Kh7 44. h4 Kg8 45. h5 Kh7 46. Kf3 Kg8 47. Qd5+ Kh7 48. Qb5 Kg8 49. Qxb4 Bxb4 50. Ke2 Kf7 51. Kd3 Ke6 52. Bc3 Kd5 53. Bxb4 axb4 54. a5 Kc5 55. a6 Kb6 56. Kc4 Kxa6 57. Kxb4 Kb6 58. Kc4 Kc6 59. Kd4 Kd6 60. e4 Ke6 61. g4 Kd6 62. f4 Ke6 63. e5 fxe5+ 64. fxe5 Ke7 65. Kd5 Kd7 66. e6+ Ke7 67. Ke5 Ke8 68. Kd6 Kd8 69. e7+ Ke8 70. Ke6 g5 71. hxg6 h5 72. g7 1-0


[Site "https://www.chess.com"]

[Event "Titled Tuesday Blitz November 08 Late 2022"]
[White "Floresvillar Gonzalez, Luis Migu"]
[Black "Barria Santos, Jose Guilherme"]
[WhiteFideId "5100542"]
[BlackFideId "1939300"]
[WhiteElo "2040"]
[BlackElo "2273"]
[Result "1-0"]
[Round "02"]
[TimeControl "180+1"]
[Date "2022.11.09"]
[WhiteClock "0:01:19"]
[BlackClock "0:00:51"]

1. d4 Nf6 2. c3 d5 3. Bg5 c5 4. e3 e6 5. Nd2 Nc6 6. Bd3 h6 7. Bxf6 Qxf6 8. f4 Bd6 9. Ngf3 Bd7 10. O-O Ne7 11. Ne5 Rd8 12. Ndf3 Nf5 13. Qe2 Bxe5 14. fxe5 Qe7 15. Rae1 Nh4 16. Nxh4 Qxh4 17. Rf4 Qe7 18. Qf2 Rc8 19. Rf1 O-O 20. Qg3 Be8 21. Rg4 f5 22. exf6 Rxf6 23. Rxg7+ Qxg7 24. Rxf6 Qxg3 25. hxg3 1-0


[Site "https://www.chess.com"]

[Event "Titled Tuesday Blitz November 08 Late 2022"]
[White "Forgacs, Attila Jr."]
[Black "Phillips, Rene"]
[WhiteFideId "773654"]
[BlackFideId "2056275"]
[WhiteElo "2168"]
[BlackElo "2001"]
[Result "1-0"]
[Round "02"]
[TimeControl "180+1"]
[Date "2022.11.09"]
[WhiteClock "0:00:25"]
[BlackClock "0:00:02"]

1. e4 Nc6 2. Nf3 d5 3. exd5 Qxd5 4. Nc3 Qa5 5. d4 Bg4 6. Bd2 O-O-O 7. h3 Qh5 8. Be2 Bxf3 9. Bxf3 Qh4 10. Bg4+ e6 11. d5 Ne5 12. dxe6 Nxg4 13. Qxg4 Qe7 14. O-O-O Qxe6 15. Qxe6+ fxe6 16. Rhe1 Re8 17. Ne4 Nf6 18. Ng5 Bc5 19. Be3 Bxe3+ 20. Rxe3 Nd5 21. Rxe6 Nf4 22. Rxe8+ Rxe8 23. g3 h6 24. gxf4 hxg5 25. fxg5 Re2 26. Rf1 Kd7 27. Kd1 Re4 28. Rg1 Rb4 29. b3 Rf4 30. Ke2 Ke6 31. Ke3 Kf5 32. Rg4 Rxg4 33. hxg4+ Kxg4 34. f4 Kf5 35. Kf3 g6 36. Ke3 c5 37. c4 b6 38. Kf3 a6 39. Ke3 b5 40. Kf3 b4 41. Ke3 Kg4 42. Ke4 Kg3 43. f5 gxf5+ 44. Kxf5 a5 45. g6 1-0


[Site "https://www.chess.com"]

[Event "Titled Tuesday Blitz November 08 Late 2022"]
[White "Freile Martin, Javier"]
[Black "Thiel, Thomas"]
[WhiteFideId "3600165"]
[BlackFideId "4615964"]
[WhiteElo "2470"]
[BlackElo "2200"]
[Result "1-0"]
[Round "02"]
[TimeControl "180+1"]
[Date "2022.11.09"]
[WhiteClock "0:01:27"]
[BlackClock "0:00:41"]

1. c4 Nf6 2. Nc3 g6 3. d4 d5 4. h4 h5 5. Bg5 Bg7 6. Bxf6 Bxf6 7. cxd5 c5 8. dxc5 Bxc3+ 9. bxc3 Qa5 10. Qd4 O-O 11. e4 Nd7 12. Nf3 Nxc5 13. Bc4 Nxe4 14. O-O Nd6 15. Bb3 Bf5 16. c4 b6 17. Ne5 Qc5 18. Qf4 Rac8 19. Rac1 Rfd8 20. Rfe1 Rc7 21. Re3 Rdc8 22. Rce1 b5 23. cxb5 Nxb5 24. Nc6 Nd4 25. Nxd4 1-0


[Site "https://www.chess.com"]

[Event "Titled Tuesday Blitz November 08 Late 2022"]
[White "Garagulya, Konstantin"]
[Black "Papasimakopoulos, Alexandros"]
[WhiteFideId "4128931"]
[BlackFideId "4244125"]
[WhiteElo "2329"]
[BlackElo "2365"]
[Result "0-1"]
[Round "02"]
[TimeControl "180+1"]
[Date "2022.11.09"]
[WhiteClock "0:00:07"]
[BlackClock "0:00:06"]

1. d4 e6 2. Nf3 Nf6 3. Bg5 c5 4. Nbd2 cxd4 5. Nxd4 Nc6 6. Nxc6 bxc6 7. c4 d5 8. e3 Be7 9. Qc2 h6 10. Bh4 O-O 11. Be2 Ba6 12. O-O Rb8 13. a3 Nd7 14. Bg3 Rc8 15. b4 Bb7 16. Rab1 a6 17. Rfd1 Qb6 18. Ne4 Ra8 19. Nc5 Nxc5 20. bxc5 Qa7 21. Bd6 Bc8 22. e4 Re8 23. cxd5 exd5 24. exd5 cxd5 25. Rxd5 Be6 26. Rdd1 Rac8 27. Qd2 Red8 28. Qa5 Bxd6 29. Rxd6 Re8 30. Rc1 Bf5 31. Bf1 Qe7 32. Rxa6 Qg5 33. Qc3 Be4 34. c6 Rc7 35. Rb6 Rec8 36. Qe3 Qg6 37. f3 Rxc6 38. Rcxc6 Bxc6 39. Kf2 Qc2+ 40. Kg1 Bd5 41. Rd6 Be6 42. Rd2 Qc7 43. a4 Ra8 44. Bb5 Qc1+ 45. Kf2 Qc7 46. g3 Qb7 47. Qd4 Qc7 48. Kg2 Qc1 49. Qb2 Qc5 50. Qd4 Qa3 51. Qe4 Rc8 52. h4 Rc1 53. Rd8+ Qf8 54. Rxf8+ Kxf8 55. Qb4+ Kg8 56. Qb2 Rc5 57. g4 g5 58. Kg3 gxh4+ 59. Kxh4 h5 60. Kg3 hxg4 61. fxg4 Rd5 62. Qd4 Rxd4 63. g5 Rg4+ 64. Kf3 Rxg5 65. Ke4 Bb3 66. Kf4 Rh5 67. Kg4 Rc5 68. Bd7 Bxa4 0-1


[Site "https://www.chess.com"]

[Event "Titled Tuesday Blitz November 08 Late 2022"]
[White "Gasparyan, David"]
[Black "Mihajlov, Sebastian"]
[WhiteFideId "13311980"]
[BlackFideId "1512110"]
[WhiteElo "2328"]
[BlackElo "2464"]
[Result "0-1"]
[Round "02"]
[TimeControl "180+1"]
[Date "2022.11.09"]
[WhiteClock "0:00:02"]
[BlackClock "0:01:48"]

1. Nf3 b5 2. c3 Bb7 3. d4 e6 4. Nbd2 Nf6 5. e3 a6 6. Bd3 c5 7. O-O Be7 8. e4 d6 9. Re1 O-O 10. Nf1 Nc6 11. a3 Re8 12. Ng3 g6 13. Bc2 e5 14. d5 Nb8 15. a4 Nbd7 16. a5 c4 17. h3 Nc5 18. Be3 Rc8 19. Nd2 Bf8 20. Rf1 Nfd7 21. Qe2 Bg7 22. Kh1 h5 23. f4 exf4 24. Rxf4 Ne5 25. h4 Ned3 26. Bxc5 Nxf4 27. Qf3 Qxh4+ 28. Kg1 Rxc5 29. Rf1 Qxg3 30. Qxg3 Ne2+ 31. Kh2 Nxg3 32. Kxg3 Be5+ 33. Kh3 Bc8+ 34. Kh4 Kg7 35. g3 Kh6 36. Rxf7 g5# 0-1


[Site "https://www.chess.com"]